 Dungeon Crawl Stone Soup version 0.22-a0-322-g60b3cfd (webtiles) character file.

115 Cattac the Skirmisher (level 4, -4/38 HPs)
             Began as a Demonspawn Abyssal Knight on Apr 5, 2018.
             Was a Believer of Lugonu.
             Killed by nerve-wracking pain
             ... invoked by an orc priest
              (10 damage)
             ... on level 3 of the Dungeon.
             The game lasted 00:11:22 (2048 turns).

Cattac the Skirmisher (Demonspawn Abyssal Knight)   Turns: 2048, Time: 00:11:24

Health: -4/38      AC:  4    Str: 13    XL:     4   Next: 68%
Magic:  0/5        EV: 10    Int: 19    God:    Lugonu [**....]
Gold:   68         SH:  3    Dex: 12    Spells: 3/3 levels left

rFire    . . .     SeeInvis .   a - +1 hand axe
rCold    . . .     Gourm    .   q - +0 buckler
rNeg     . . .     Faith    .   b - +0 leather armour
rPois    .         Spirit   +   (no helmet)
rElec    .         Reflect  .   (no cloak)
rCorr    .         Harm     .   (no gloves)
MR       .....                  h - +0 pair of boots
Stlth    +.........             n - amulet of guardian spirit
HPRegen  0.12/turn              (no ring)
MPRegen  0.09/turn              (no ring)

@: brilliant, very slightly contaminated
A: spiny 2
a: Depart the Abyss, Bend Space, Renounce Religion


You were on level 3 of the Dungeon.
You worshipped Lugonu.
Lugonu was pleased with you.
You were not hungry.

You visited 1 branch of the dungeon, and saw 3 of its levels.
You visited the Abyss 1 time.

You collected 68 gold pieces.

Inventory:

Hand Weapons
 a - a +1 hand axe (weapon)
Armour
 b - a +0 leather armour (worn)
 h - a +0 pair of boots (worn)
 q - a +0 buckler (worn)
Jewellery
 n - an amulet of guardian spirit (around neck)
 o - a cursed -2 ring of evasion
Scrolls
 d - a scroll of random uselessness {unknown}
 f - a scroll of teleportation {unknown}
 i - a scroll of immolation
 k - a scroll of amnesia {unknown}
 l - a scroll of enchant armour {unknown}
Potions
 e - a potion of brilliance
 j - a potion of experience {unknown}
Comestibles
 c - 2 rations
 p - 3 chunks of flesh


   Skills:
 * Level 4.4 Fighting
 + Level 2.6 Axes
 + Level 2.6 Armour
 - Level 0.8 Dodging
 - Level 2.4 Invocations


You had 3 spell levels left.
You didn't know any spells.

Dungeon Overview and Level Annotations

Branches:
Dungeon (3/15)

Altars:
Fedhas
Nemelex Xobeh


Innate Abilities, Weirdness & Mutations

You are mostly covered in sharp spines.


Message History

You barely miss the orc priest.
The orc priest is lightly wounded.
The orc priest hits you with a short sword.
* * * LOW HITPOINT WARNING * * *
The orc priest calls upon Beogh to heal the orc.
The orc's wounds heal themselves!
The orc wizard gestures wildly while chanting.
The orc wizard blinks!
You hit the orc priest.
The orc priest is moderately wounded.
The orc priest is struck by your spines.
The orc priest hits you with a short sword.
* * * LOW HITPOINT WARNING * * *
You hit the orc priest but do no damage.
The orc priest is heavily wounded.
You closely miss the orc. The orc hits you.
* * * LOW HITPOINT WARNING * * *
The orc priest calls down the wrath of Beogh upon you.
Pain shoots through your body!
You die...

####)##### ..... #§## #. ...
#..###.# #.#########
#......#######..........
#..####.........########
#..#..............(.....
####..#.##.........##......
#......).#oo.......##......
...........#@.....†).##......
...........#.........##......
........(..#.........##......
###........#.........########
#........###########
#........# #........#


You could see an orc priest and an orc.

Vanquished Creatures
  Jessica (D:3)
  3 adders
  An ooze (D:1)
  A worm (D:2)
  3 dart slugs
  An orc (D:3)
  9 bats
  3 giant cockroaches
  4 goblins
  4 hobgoblins
  2 jackals (D:3)
  4 quokkas
  3 ball pythons
  3 frilled lizards
  3 kobolds
  6 rats
51 creatures vanquished.

Notes
Turn   | Place    | Note
-------+----------+-------------------------------------------
     0 | Abyss:1  | Cattac the Demonspawn Abyssal Knight began the quest for the Orb.
     0 | Abyss:1  | Reached XP level 1. HP: 18/18 MP: 2/2
     1 | D:1      | Escaped the Abyss
    79 | D:1      | Reached * piety under Lugonu
   270 | D:1      | Gained mutation: You are partially covered in sharp spines. [demonic ancestry]
   270 | D:1      | Reached XP level 2. HP: 14/24 MP: 3/3
   856 | D:2      | Found a sparkling altar of Nemelex Xobeh.
   918 | D:2      | Reached XP level 3. HP: 21/30 MP: 4/4
  1498 | D:2      | Reached skill level 4 in Fighting
  1742 | D:2      | Reached ** piety under Lugonu
  1904 | D:3      | Found a blossoming altar of Fedhas.
  1965 | D:3      | Gained mutation: You are mostly covered in sharp spines. [demonic ancestry]
  1965 | D:3      | Reached XP level 4. HP: 29/37 MP: 5/5
  1978 | D:3      | Noticed Jessica
  1982 | D:3      | Killed Jessica
  2048 | D:3      | Killed from afar by an orc priest

Vault maps used:
D:1:      tarquinn_simple_flora_water_b, minivault_27
D:2:      kennysheep_big_flooded_room, nemelex_spade_bored_becter
D:3:      lemuel_crystal_altar, uniq_jessica

Skill      XL: |  1  2  3 |
---------------+----------+-----
Axes           | 2 |  2.6
Armour         | 2 |  2.6
Fighting       | 4 |  4.4
Dodging        | |  0.8
Invocations    | |  2.4

Action                   |  1- 3 |  4- 6 || total
-------------------------+-------+-------++-------
Melee: Hand axe          |    93 |    22 ||   115
Invok: Depart the Abyss  |     1 |       ||     1
       Bend Space        |     1 |     1 ||     2
  Use: Potion            |     2 |     3 ||     5
       Scroll            |     3 |     2 ||     5
 Stab: Sleeping          |     2 |       ||     2
  Eat: Ration            |     1 |       ||     1
       Chunk             |     1 |       ||     1
Armor: Leather armour    |    36 |     7 ||    43
Dodge: Dodged            |    71 |     8 ||    79
Block: Buckler           |       |     6 ||     6

Table legend:
 A = Spawn XP
 B = Non-spawn XP
 C = Spawn XP percentage of total XP
 D = Spawn monster count
 E = Non-spawn monster count
 F = Spawn count percentage of total count
 G = Total turns spent on level
                    A         B        C        D         E        F      G
               +---------+---------+-------+---------+---------+-------+---------
         Total |       0 |     165 |   0.0 |       0 |      51 |   0.0 |  2048
               +---------+---------+-------+---------+---------+-------+---------
           D:1 |       0 |      32 |   0.0 |       0 |      14 |   0.0 |   814
           D:2 |       0 |      54 |   0.0 |       0 |      25 |   0.0 |  1082
           D:3 |       0 |      79 |   0.0 |       0 |      12 |   0.0 |   151
               +---------+---------+-------+---------+---------+-------+---------
